 Dungeon Crawl Stone Soup version 0.18.1-50-g88ac8fd (webtiles) character file.

731 Peloso the Ducker (level 7, -4/67 HPs)
             Began as a Troll Fighter on Oct 21, 2016.
             Was a Follower of Okawaru.
             Slain by an ogre
             ... wielding a cursed -1 giant spiked club
              (12 damage)
             ... on level 5 of the Dungeon.
             The game lasted 00:07:52 (3244 turns).

Peloso the Ducker (Troll Fighter)                   Turns: 3244, Time: 00:07:52

Health: -4/67      AC:  9    Str: 24 (25) XL:     7   Next: 45%
Magic:  6/6        EV: 10    Int:  3 (4)  God:    Okawaru [*.....]
Gold:   284        SH:  9    Dex: 10 (11) Spells: 0 memorised, 6 levels left

rFire  + . .     SeeInvis .     a - +0 long sword
rCold  + . .     Gourm    +     y - +2 robe {rC+}
rNeg   . . .     Faith    .     c - +0 shield
rPois  .         Spirit   .     d - +2 hat
rElec  .         Dismiss  .     (no cloak)
rCorr  .         Reflect  .     (gloves unavailable)
SustAt +         Harm     .     (boots unavailable)
MR     .....                    (no amulet)
Stlth  +.........               n - ring of protection from fire
                                h - ring of sustain attributes

@: lethally poisoned (-4 -> -5), marked, slowed, very slow, not resistant to
hostile enchantments, very unstealthy
A: unfitting armour, claws 3, fast metabolism 3, gourmand, regeneration 2,
shaggy fur 1, tough skin 2
a: Heroism, Renounce Religion


You were on level 5 of the Dungeon.
You worshipped Okawaru.
Okawaru was aware of your devotion.
You were completely stuffed.

You visited 1 branch of the dungeon, and saw 5 of its levels.

You collected 284 gold pieces.

Inventory:

Hand Weapons
 a - a +0 long sword (weapon)
Armour
 c - a +0 shield (worn)
 d - a +2 hat (worn)
 y - a +2 robe of cold resistance (worn)
 A - the +0 robe of Classification {rPois rN+ MR-}
   (You found it on level 4 of the Dungeon)

   It protects you from poison.
   It protects you from negative energy.
   It affects your resistance to hostile enchantments.
Jewellery
 h - a ring of sustain attributes (left claw)
 n - a ring of protection from fire (right claw)
Wands
 z - a wand of paralysis (24/24)
Scrolls
 b - a scroll of enchant armour {unknown}
 l - a scroll of identify
 s - a scroll of recharging
 v - a scroll of remove curse
Potions
 e - a potion of cure mutation
 j - a potion of curing
 k - a potion of flight
 m - a potion of degeneration
 p - a potion of brilliance {unknown}
Books
 t - a book of the Sky

   Spells                             Type                      Level
   a - Summon Lightning Spire         Summoning/Air                4
   b - Airstrike                      Air                          4
   c - Silence                        Hexes/Air                    5
   d - Deflect Missiles               Charms/Air                   6
   e - Conjure Ball Lightning         Conjuration/Air              6
   f - Tornado                        Air                          9
Comestibles
 f - 4 bread rations
 i - a beef jerky
 o - a royal jelly
 q - a meat ration
 r - a slice of pizza


   Skills:
 + Level 3.3 Fighting
 + Level 3.3 Long Blades
 + Level 5.4 Dodging
 + Level 0.2 Stealth
 + Level 3.7 Shields


You had 6 spell levels left.
You didn't know any spells.

Dungeon Overview and Level Annotations

Branches:
Dungeon (5/15)             Temple (0/1) D:4

Altars:
Elyvilon
Fedhas
Gozag
Nemelex Xobeh
Okawaru
Pakellas
Sif Muna
Trog
Yredelemnul
The Shining One


Innate Abilities, Weirdness & Mutations

You are too large for most types of armour.
You have claws for hands.
Your metabolism is lightning-fast.
You like to eat raw meat.
You heal very quickly.
You are covered in fur (AC +1).
You have very tough skin (AC +2).


Message History

The orc wizard blinks!
Read which item? (? for menu, Esc to quit)
Okay, then.
Drink which item? (? for menu, Esc to quit)
It was a potion of degeneration.
There was something very wrong with that liquid.
You feel somewhat weakened.
You feel somewhat dopey.
You feel somewhat clumsy.
You feel sick. The quasit barely misses you. x2
You block the quasit's attack. The ogre completely misses you.
The iguana bites you.
* * * LOW HITPOINT WARNING * * *
The quasit bites you but does no damage.
The quasit claws you.
* * * LOW HITPOINT WARNING * * *
You block the quasit's attack. The orc warrior closely misses you.
You slash the ogre!
The ogre is severely wounded.
You feel sick.
The ogre hits you with a giant spiked club!
You die...

#.####..#......
.####.........#....
.#......####.#####
##...#..........<...
.. ...[.######.#####
### #.
.#....####(......
#...#.
##.##...##..#####
#o.o##l........).#
#..Oo@5#.......###
......###O..##.....#
##... #S####.....#
#... ?..# ##.....#
... #..## #####.# .O
##. ... . ## ###. #


You could see an orc warrior, 2 ogres, an iguana, an orc wizard, a quasit, an
adder and an orc.

Vanquished Creatures
  Grinder (D:4)
  An ogre (D:4)
  A scorpion (D:5)
  2 crimson imps
  2 hounds
  An orc wizard (D:3)
  3 worker ants
  Natasha (thrice) (D:4)
  2 adders
  An adder skeleton (D:5)
  2 worms
  3 dart slugs
  A giant gecko (D:4)
  6 orcs
  6 giant cockroaches
  4 goblins
  7 hobgoblins
  4 jackals (D:1)
  2 quokkas
  4 bats
  5 giant newts
  2 hobgoblin zombies (D:4)
  3 kobolds
  2 kobold skeletons (D:4)
  2 kobold zombies (D:4)
  An orc skeleton (D:4)
  2 orc zombies (D:4)
  11 rats
84 creatures vanquished.

Notes
Turn   | Place    | Note
--------------------------------------------------------------
     0 | D:1      | Peloso the Troll Fighter began the quest for the Orb.
     0 | D:1      | Reached XP level 1. HP: 22/22 MP: 0/0
     1 | D:1      | You fall through a shaft!
   127 | D:1      | Reached XP level 2. HP: 29/29 MP: 1/1
   620 | D:1      | Reached skill level 3 in Dodging
   850 | D:2      | Reached XP level 3. HP: 36/36 MP: 2/2
  1406 | D:2      | Found a faded altar to an unknown god.
  1748 | D:3      | Found an iron altar of Okawaru.
  1767 | D:3      | Became a worshipper of Warmaster Okawaru
  1787 | D:3      | Reached XP level 4. HP: 44/44 MP: 3/3
  1942 | D:3      | Found a bloodstained altar of Trog.
  2045 | D:3      | Found a deep blue altar of Sif Muna.
  2052 | D:3      | Found a sparkling altar of Nemelex Xobeh.
  2057 | D:3      | Found a basalt altar of Yredelemnul.
  2064 | D:3      | Found an opulent altar of Gozag.
  2069 | D:3      | Found an oddly glowing altar of Pakellas.
  2076 | D:3      | Found a white marble altar of Elyvilon.
  2081 | D:3      | Found a blossoming altar of Fedhas.
  2116 | D:4      | Found a glowing golden altar of the Shining One.
  2120 | D:4      | Noticed Natasha
  2137 | D:4      | Killed Natasha
  2137 | D:4      | Reached XP level 5. HP: 50/52 MP: 4/4
  2201 | D:4      | Reached skill level 4 in Dodging
  2247 | D:4      | Noticed Grinder
  2257 | D:4      | Paralysed by Grinder for 7 turns
  2267 | D:4      | Paralysed by Grinder for 4 turns
  2277 | D:4      | Killed Grinder
  2277 | D:4      | Reached * piety under Okawaru
  2277 | D:4      | Reached XP level 6. HP: 9/61 MP: 5/5
  2570 | D:4      | Noticed Natasha
  2583 | D:4      | Killed Natasha
  2631 | D:4      | Reached XP level 7. HP: 20/67 MP: 6/6
  2772 | D:4      | Found a staircase to the Ecumenical Temple.
  2801 | D:4      | Got a sheer robe
  2812 | D:4      | Identified the cursed +0 robe of Classification {rPois rN+ MR-} (You found it on level 4 of the Dungeon)
  3021 | D:4      | Reached skill level 5 in Dodging
  3095 | D:4      | Noticed Natasha
  3098 | D:4      | Killed Natasha
  3145 | D:5      | Entered Level 5 of the Dungeon
  3244 | D:5      | Slain by an ogre

Skill      XL: |  1  2  3  4  5  6  7 |
---------------+----------------------+-----
Dodging        | 3 4 5 |  5.4
Long Blades    | 2 3 |  3.3
Shields        | 3 |  3.7
Fighting       | 3 |  3.3
Stealth        | |  0.2

Action                   |  1- 3 |  4- 6 |  7- 9 || total
-------------------------+-------+-------+-------++-------
Melee: Long sword        |   172 |   130 |    43 ||   345
  Use: Potion            |       |     1 |     2 ||     3
       Scroll            |       |       |    10 ||    10
  Eat: Chunk             |    19 |     7 |    11 ||    37
Armor: Robe              |    69 |    42 |    22 ||   133
Dodge: Dodged            |    68 |    54 |    30 ||   152
Block: Shield            |    99 |    68 |    34 ||   201
